 Dungeon Crawl Stone Soup version 0.31.0-9-g3a7656b989 (webtiles) character file.

Game seed: 4377078715552196730

70380 Anonkat the Warrior (level 14, -20/146 HPs)
             Began as a Minotaur Gladiator on Feb 5, 2024.
             Was the Champion of Wu Jian.
             Demolished by a dire elephant (30 damage)
             ... on level 5 of the Lair of Beasts.
             The game lasted 01:51:32 (20656 turns).

Anonkat the Warrior (Minotaur Gladiator)           Turns: 20656, Time: 01:51:32

Health: -20/146    AC: 32    Str: 28    XL:     14   Next: 93%
Magic:  0/22       EV: 10    Int:  5    God:    Wu Jian [******]
Gold:   3510       SH:  0    Dex: 12    Spells: 13/13 levels left

rFire   . . .        m - +9 quarterstaff (chaos)
rCold   + . .        (shield currently unavailable)
rNeg    + . .        K - +4 crystal plate armour {rC+}
rPois   +            (helmet unavailable)
rElec   .            A - +0 cloak
rCorr   .            g - +1 pair of gloves {Stlth+}
SInv    +            l - +0 pair of boots
Will    ++...        j - amulet of guardian spirit Stlth
                     t - +6 ring of strength
HPRegen 0.44/turn    p - ring "Pamot" {rPois rN+ Will+ MP+9 SInv}
MPRegen 0.18/turn

%: guardian spirit
@: confused, ambrosia-drunk
A: horns 3, retaliatory headbutt, weak 1
a: Renounce Religion, Wall Jump, Serpent's Lash, Heavenly Storm


You were on level 5 of the Lair of Beasts.
You worshipped Wu Jian.
Wu Jian was exalted by your worship.
You visited 5 branches of the dungeon, and saw 20 of its levels.
You also visited: Ossuary and Ice Cave.

You collected 3510 gold pieces.

Inventory:

Hand Weapons
 m - a +9 quarterstaff of chaos (weapon)
Missiles
 b - 2 boomerangs
 d - 7 throwing nets
 e - 6 javelins
 v - 3 darts of dispersal
 B - a curare-tipped dart
 E - 7 poisoned darts
Armour
 g - a +1 pair of gloves of stealth (worn)
 l - a +0 pair of boots (worn)
 y - the +3 hat of Pondering {ponderous, Will+ MP+10 Int+5}
   (You took it off Gastronok on level 9 of the Dungeon)

   Int+5:     It affects your intelligence (+5).
   Will+:     It increases your willpower.
   MP+10:     It affects your magic capacity (+10).
 A - a +0 cloak (worn)
 K - a +4 crystal plate armour of cold resistance (worn)
Jewellery
 c - the amulet of Ytuacvem {Acrobat rPois Will+ Dex+3}
   (You took it off a centaur on level 9 of the Dungeon)

   [amulet of the acrobat]

   Acrobat:   It increases your evasion while moving and waiting.
   Dex+3:     It affects your dexterity (+3).
   rPois:     It protects you from poison Will+: It increases your willpower.
 j - an amulet of guardian spirit (around neck)
 p - the ring "Pamot" (right hand) {rPois rN+ Will+ MP+9 SInv}
   (You took it off a centaur on level 9 of the Dungeon)

   [ring of willpower]

   rPois:     It protects you from poison rN+: It protects you from negative
   energy.
   Will+:     It increases your willpower.
   MP+9:      It affects your magic capacity (+9).
   SInv:      It lets you see invisible.
 t - a +6 ring of strength (left hand)
Wands
 a - a wand of digging (7)
 G - a wand of acid (3)
 J - a wand of iceblast (2) (quivered)
Scrolls
 h - 4 scrolls of vulnerability
 i - 2 scrolls of poison
 o - 8 scrolls of teleportation
 r - 5 scrolls of amnesia
 s - a scroll of immolation
 C - 7 scrolls of identify
 D - 3 scrolls of fog
 L - a scroll of torment {unknown}
 M - a scroll of fear
Potions
 f - 4 potions of curing
 k - 4 potions of enlightenment
 n - 4 potions of haste
 q - 3 potions of might
 u - 4 potions of cancellation
 w - 2 potions of brilliance
 x - a potion of invisibility
 z - a potion of magic
 F - a potion of resistance
 H - a potion of lignification {unknown}
 I - 2 potions of ambrosia


   Skills:
 + Level 19.4 Fighting
 + Level 15.8 Staves
 + Level 12.1 Throwing
 + Level 13.0 Armour
 + Level 12.9 Dodging


You had 13 spell levels left.
You didn't know any spells.
Your spell library contained the following spells:

 Spells                   Type           Power      Damage    Failure   Level
 Freeze                   Ice            0%         1d3       100%        1
 Kiss of Death            Conj/Necr      0%         2d5       100%        1
 Magic Dart               Conj           0%         1d3       100%        1
 Slow                     Hex            0%         N/A       100%        1
 Lesser Beckoning         Tloc           0%         N/A       100%        2
 Searing Ray              Conj           0%         2d4       100%        2
 Static Discharge         Conj/Air       0%         3-3/arc   100%        2
 Confusing Touch          Hex            0%         N/A       100%        3
 Frozen Ramparts          Ice            0%         1d1       100%        3
 Gell's Gravitas          Tloc           0%         N/A       100%        3
 Hailstorm                Conj/Ice       0%         3d5       100%        3
 Sigil of Binding         Hex            0%         N/A       100%        3
 Stone Arrow              Conj/Erth      0%         3d7       100%        3
 Summon Ice Beast         Ice/Summ       0%         N/A       100%        3
 Teleport Other           Tloc           0%         N/A       100%        3
 Vampiric Draining        Necr           0%         2d6       100%        3
 Airstrike                Air            0%         2d(0-16)  100%        4
 Animate Armour           Summ/Erth      0%         N/A       100%        4
 Dispel Undead            Necr           0%         3d6       100%        4
 Fulminant Prism          Conj/Alch      0%         3d5       100%        4
 Summon Lightning Spire   Summ/Air       0%         N/A       100%        4
 Sculpt Simulacrum        Ice/Alch       0%         N/A       100%        6
 Malign Gateway           Summ/Tloc      0%         N/A       100%        7
 Lehudib's Crystal Spear  Conj/Erth      0%         10d2      100%        8
 Summon Horrible Things   Summ           0%         N/A       100%        8


Dungeon Overview and Level Annotations

Branches:
Dungeon (12/15)            Temple (1/1) D:6            Lair (5/5) D:9
 Shoals (1/4) Lair:3        Snake (0/4) Lair:2        Slime (1/5) Lair:4
    Orc (0/2) D:11        Ossuary (visited)           IceCv (visited)

Altars:
Ashenzari
Cheibriados
Dithmenos
Elyvilon
Fedhas
Gozag
Hepliaklqana
Kikubaaqudgha
Makhleb
Nemelex Xobeh
Okawaru
Qazlal
Ru
Sif Muna
Trog
Uskayaw
Vehumet
Wu Jian
Xom
Yredelemnul
Zin
The Shining One

Shops:
D:3 [

Portals:
Trove: D:10 (give 2 scrolls of acquirement)


Innate Abilities, Weirdness & Mutations

You have a pair of large horns on your head.
You reflexively headbutt those who attack you in melee.
You are weak. (Str -2)


Message History

The dire elephant trunk-slaps you but does no damage.
The dire elephant barely misses the dire elephant.
The dire elephant trunk-slaps the dire elephant!
The dire elephant dies!
The Council accepts your kill.
You hit the dire elephant but do no damage.
The dire elephant is poisoned.
You headbutt the dire elephant!
The dire elephant is moderately wounded.
The dire elephant tramples you!!!
You hold your ground!
The dire elephant barely misses you.
You sock the dire elephant!
The dire elephant is moderately wounded.
You completely miss the dire elephant.
The dire elephant is moderately wounded.
The dire elephant tramples you!
You hold your ground!
The dire elephant trunk-slaps you but does no damage.
You sock the dire elephant! You freeze the dire elephant.
You headbutt the dire elephant, but do no damage.
The dire elephant is heavily wounded.
The dire elephant tramples you!!
* * * LOW HITPOINT WARNING * * *
You hold your ground!
The dire elephant trunk-slaps you but does no damage.
You sock the dire elephant!
The dire elephant looks as sick as possible!
The dire elephant is severely wounded.
The dire elephant tramples you.
* * * LOW HITPOINT WARNING * * *
You hold your ground!
The dire elephant trunk-slaps you.
* * * LOW HITPOINT WARNING * * *
You sock the dire elephant!
The dire elephant seems to slow down.
The dire elephant is severely wounded.
The dire elephant tramples you!!
* * * LOW HITPOINT WARNING * * *
You hold your ground!
The dire elephant trunk-slaps you.
* * * LOW HITPOINT WARNING * * *
Unknown command.
You are confused.
You feel invigorated. The dire elephant tramples you!!
You die...

....#......##P...###....#.#....#.
...PP.....P##......#....#......#.
..PP..............###..+.PP...+..
...P#.............###...P......
.....+............##...##......#
...#.......#..#...##....#......##
.#........#..#####.#....###.P#.#.
....#.......#.##.#.P...### .##.#.
...............†@........#####.P.
...............Y.................
...............†.................
............................††...
..)...........................†..
.................................
.................................
..<..................#...........
.....♣########'''########♣P....PP


You could see a neutral dire elephant (fast, strong, frenzied, extremely
poisoned, slow).

Vanquished Creatures
  A very ugly thing (D:12)
  A crystal guardian (D:12)
  2 ettins (D:12)
  Harold (D:11)
  4 hydras
  2 catoblepae
  A centaur warrior (D:11)
  3 boulder beetles
  3 two-headed ogres
  A death knight (D:12)
  The ghost of fly the Unseen, a journeyman KoDe of Uskayaw (D:11)
  A death yak (Lair:5)
  2 skysharks
  Lodul (D:10)
  Pikel (D:5)
  2 bog bodies (IceCv)
  An orange crystal statue (D:12)
  An orc knight (D:9)
  2 cyclopes (D:9)
  2 oklob plants (Lair:3)
  2 deep elf pyromancers
  3 manticores
  An ugly thing (D:12)
  12 elephants
  An ice statue (IceCv)
  Joseph (Lair:1)
  5 black mambas
  3 rime drakes
  2 kobold demonologists
  10 komodo dragons
  13 cane toads
  Jeremiah (Lair:1)
  An ice devil (IceCv)
  An anaconda simulacrum (IceCv)
  6 polar bears
  A wind drake (Shoals:1)
  A queen bee (Lair:3)
  4 trolls
  A hornet (D:9)
  16 blink frogs
  5 dream sheep (Lair:5)
  A dire elephant simulacrum (IceCv)
  3 shadows
  2 vampires
  4 wyverns
  6 wraiths
  41 yaks
  13 basilisks
  2 steam dragons
  2 death yak simulacra (IceCv)
  5 vampire mosquitoes
  Menkaure (D:7)
  2 harpy simulacra (IceCv)
  2 acid dragons
  2 nagas (Lair:2)
  14 water moccasins
  A hydra simulacrum (IceCv)
  4 orc warriors
  4 black bears
  8 ice beasts
  12 ogres
  25 wolves
  5 boggarts (D:12)
  2 sky beasts
  7 centaurs (D:9)
  A phantom (D:7)
  A kobold brigand (D:5)
  A weeping skull (Ossuary)
  17 bullfrogs
  3 gnoll sergeants
  2 cane toad simulacra (IceCv)
  6 water moccasin zombies (Ossuary)
  A scorpion (D:6)
  6 two-headed ogre simulacra (IceCv)
  An elephant simulacrum (IceCv)
  33 killer bees
  4 howler monkeys
  2 electric eels (Lair:3)
  A bombardier beetle (D:7)
  A lava snake (D:12)
  Crazy Yiuf (D:2)
  7 jellies
  15 orc priests
  A gnoll bouda (D:6)
  A hound (D:4)
  2 sleepcaps
  Jessica (D:2)
  10 orc wizards
  2 iguanas
  4 spriggan simulacra (IceCv)
  A hell rat (Lair:3)
  8 troll simulacra (IceCv)
  5 polar bear simulacra (IceCv)
  A wolf simulacrum (IceCv)
  2 crocodile zombies (Ossuary)
  2 mummies (Ossuary)
  Robin (D:2)
  16 gnolls
  6 naga simulacra (IceCv)
  8 adders
  A river rat (Lair:3)
  10 white imps
  5 ufetubi (IceCv)
  4 adder zombies (Ossuary)
  4 dart slugs
  3 ribbon worms
  49 orcs
  13 endoplasms
  13 giant cockroaches
  17 goblins
  4 hobgoblins
  4 jackals (D:1)
  4 quokkas
  17 ball pythons
  2 bats (D:1)
  4 frilled lizards
  11 gnoll zombies (Ossuary)
  3 jackal zombies (Ossuary)
  14 kobolds
  4 orc zombies (Ossuary)
  9 rats
660 creatures vanquished.

Vanquished Creatures (collateral kills)
  Gastronok (D:9)
  A dire elephant (Lair:5)
  An elephant (Lair:3)
  A hornet (D:9)
  2 yaks (Lair:3)
  A steam dragon (D:9)
  A water moccasin (Lair:3)
  A centaur (D:9)
  A wolf (D:9)
  A bullfrog (D:8)
  4 killer bees (Lair:3)
  2 howler monkeys (D:9)
  A goblin (D:4)
18 creatures vanquished.

Vanquished Creatures (others)
  A rime drake (D:9)
  A gnoll sergeant (D:12)
  3 killer bees (Lair:3)
  A yak zombie (Lair:5)
  A lava snake (D:12)
  An orc zombie (D:9)
8 creatures vanquished.

Grand Total: 686 creatures vanquished

Notes
Turn   | Place    | Note
-------+----------+-------------------------------------------
     0 | D:1      | Anonkat the Minotaur Gladiator began the quest for the Orb.
     0 | D:1      | Reached XP level 1. HP: 18/18 MP: 0/0
    65 | D:1      | Reached XP level 2. HP: 24/25 MP: 1/1
   118 | D:1      | Reached skill level 3 in Fighting
   336 | D:1      | Reached XP level 3. HP: 13/31 MP: 2/2
  1125 | D:2      | Reached skill level 4 in Fighting
  1179 | D:2      | Reached XP level 4. HP: 40/40 MP: 3/3
  1195 | D:2      | Noticed Robin
  1206 | D:2      | Killed Robin
  1219 | D:2      | Noticed Jessica
  1222 | D:2      | Killed Jessica
  1429 | D:2      | Found a faded altar of an unknown god.
  1747 | D:2      | Found a runed translucent door.
  1748 | D:2      | Noticed Crazy Yiuf
  1771 | D:2      | Killed Crazy Yiuf
  1772 | D:2      | Reached skill level 1 in Armour
  1772 | D:2      | Reached XP level 5. HP: 47/47 MP: 4/4
  2000 | D:3      | Gained mutation: Your mind is acute. (Int +4, Str/Dex -1)
                  | [potion of mutation]
  2000 | D:3      | Gained mutation: Your flesh is heat resistant. (rF+)
                  | [potion of mutation]
  2412 | D:3      | Reached skill level 5 in Fighting
  2658 | D:3      | Found Qikeajic's Antique Armour Shop.
  2930 | D:4      | Reached skill level 5 in Staves
  3034 | D:4      | Found a sand-covered staircase.
  3062 | Ossuary  | Entered an ossuary
  3107 | Ossuary  | Reached XP level 6. HP: 56/56 MP: 5/5
  3168 | Ossuary  | Reached XP level 7. HP: 56/62 MP: 6/6
  3187 | Ossuary  | Reached skill level 5 in Armour
  3215 | Ossuary  | Reached skill level 6 in Fighting
  3330 | D:4      | HP: 3/64 [gnoll/+2 halberd of protection[a gnoll sergeant]
                  | (3)]
  3403 | D:4      | Reached XP level 8. HP: 27/71 MP: 5/7
  3765 | D:4      | Found a hazy altar of Hepliaklqana.
  3906 | D:5      | Entered Level 5 of the Dungeon
  3965 | D:5      | Found a white marble altar of Elyvilon.
  4017 | D:5      | Reached skill level 7 in Fighting
  4040 | D:5      | Noticed Pikel
  4050 | D:5      | Killed Pikel
  4849 | D:6      | Reached XP level 9. HP: 35/81 MP: 3/8
  5029 | D:6      | Identified 2 scrolls of acquirement
  5029 | D:6      | Acquired 891 gold pieces
  5036 | D:6      | Acquired 868 gold pieces
  5059 | D:6      | Reached skill level 8 in Fighting
  5245 | D:6      | Lost mutation: Your mind is acute. (Int +4, Str/Dex -1)
                  | [potion of mutation]
  5245 | D:6      | Lost mutation: Your flesh is heat resistant. (rF+) [potion
                  | of mutation]
  5245 | D:6      | Gained mutation: You are frail. (-10% HP) [potion of
                  | mutation]
  5245 | D:6      | Gained mutation: Your mind is acute. (Int +4, Str/Dex -1)
                  | [potion of mutation]
  5252 | D:6      | Found a staircase to the Ecumenical Temple.
  5262 | Temple   | Entered the Ecumenical Temple
  5389 | Temple   | Became a worshipper of the Wu Jian Council
  5595 | D:6      | Found a shimmering altar of Xom.
  6099 | D:7      | Found a hide-covered altar of Uskayaw.
  6546 | D:7      | Reached skill level 5 in Dodging
  6975 | D:7      | Noticed Menkaure
  6988 | D:7      | Killed Menkaure
  7477 | D:8      | Found a broken altar of Ashenzari.
  7654 | D:8      | Found a sacrificial altar of Ru.
  7672 | D:8      | Found a blossoming altar of Fedhas.
  7680 | D:8      | Found a snail-covered altar of Cheibriados.
  7688 | D:8      | Found a burning altar of Makhleb.
  7741 | D:8      | Reached skill level 9 in Fighting
  8056 | D:8      | Acquired a manual of Fighting
  8561 | D:9      | Reached XP level 10. HP: 65/82 MP: 9/9
  8564 | D:9      | Noticed an orc knight
  8575 | D:9      | Noticed Gastronok
  8585 | D:9      | Reached skill level 10 in Fighting
  8585 | D:9      | Reached skill level 5 in Throwing
  8585 | D:9      | Found a staircase to the Lair.
  8637 | D:9      | Reached * piety under Wu Jian
  8644 | D:9      | Reached skill level 10 in Staves
  8888 | D:9      | Reached skill level 11 in Fighting
  9132 | D:9      | Noticed a deep elf pyromancer
  9149 | D:9      | Killed a deep elf pyromancer
  9173 | D:9      | Killed an orc knight
  9191 | D:9      | Reached skill level 12 in Fighting
  9293 | D:9      | Identified the ring "Pamot" {rPois rN+ Will+ MP+9 SInv}
  9342 | D:9      | Noticed a cyclops
  9358 | D:9      | Killed a cyclops
  9450 | D:9      | Identified the +8 whip of Contention {freeze, rElec rC+
                  | Will- SInv}
  9454 | D:9      | Reached XP level 11. HP: 68/93 MP: 10/10
  9615 | Lair:1   | Entered Level 1 of the Lair of Beasts
  9635 | D:9      | Identified the amulet of Ytuacvem {Acrobat rPois Will+
                  | Dex+3}
  9677 | D:9      | Killed Gastronok
  9880 | D:9      | Noticed a two-headed ogre
  9888 | D:9      | Reached skill level 13 in Fighting
  9889 | D:9      | Killed a two-headed ogre
  9929 | D:9      | Reached ** piety under Wu Jian
 10375 | D:10     | Entered Level 10 of the Dungeon
 10388 | D:11     | Noticed a centaur warrior
 10395 | D:11     | Killed a centaur warrior
 10540 | D:10     | Found a portal to a secret trove of treasure.
 10579 | D:10     | Noticed Lodul
 10628 | D:10     | Reached skill level 14 in Fighting
 10966 | D:10     | Killed Lodul
 11105 | D:10     | Found a glowing silver altar of Zin.
 11434 | D:11     | Reached *** piety under Wu Jian
 11446 | D:11     | Found a staircase to the Orcish Mines.
 11495 | D:11     | Noticed Harold
 11504 | D:11     | Killed Harold
 11505 | D:11     | Reached XP level 12. HP: 91/106 MP: 11/11
 11571 | D:11     | Found a runed translucent door.
 11572 | D:11     | Noticed fly's ghost (journeyman KoDe)
 11741 | D:11     | Lost mutation: You are frail. (-10% HP) [potion of
                  | mutation]
 11741 | D:11     | Lost mutation: Your mind is acute. (Int +4, Str/Dex -1)
                  | [potion of mutation]
 11741 | D:11     | Gained mutation: You are frail. (-10% HP) [potion of
                  | mutation]
 11928 | D:11     | Reached skill level 10 in Dodging
 12216 | D:11     | Killed fly's ghost
 12217 | D:11     | Reached skill level 15 in Fighting
 12285 | D:12     | Noticed a boulder beetle
 12287 | D:12     | Noticed a two-headed ogre
 12293 | D:12     | Reached **** piety under Wu Jian
 12409 | D:12     | Found a frozen archway.
 12418 | IceCv    | Entered an ice cave
 12742 | IceCv    | Reached ***** piety under Wu Jian
 13327 | D:12     | Reached skill level 16 in Fighting
 13665 | D:12     | Killed a boulder beetle
 13705 | D:12     | Noticed a two-headed ogre
 13734 | D:12     | Killed a two-headed ogre
 13737 | D:12     | Noticed a two-headed ogre
 13752 | D:12     | Killed a two-headed ogre
 14068 | D:12     | Noticed a two-headed ogre
 14468 | D:12     | Reached skill level 10 in Armour
 14497 | D:12     | Noticed a death knight
 14499 | D:12     | Noticed a boulder beetle
 14511 | D:12     | Killed a death knight
 14515 | D:12     | Killed a boulder beetle
 14516 | D:12     | Reached skill level 10 in Throwing
 14516 | D:12     | Reached XP level 13. HP: 105/117 MP: 12/12
 14524 | D:12     | Noticed a crystal guardian
 14535 | D:12     | Killed a crystal guardian
 14555 | D:12     | Reached skill level 17 in Fighting
 14714 | D:12     | Noticed an ettin
 14723 | D:12     | Killed an ettin
 14860 | D:12     | Noticed a cyan very ugly thing
 14869 | D:12     | Noticed an ettin
 14884 | D:12     | Killed an ettin
 14893 | D:12     | Killed a cyan very ugly thing
 15526 | Lair:1   | Noticed Joseph
 15539 | Lair:1   | Killed Joseph
 15676 | Lair:1   | Noticed Jeremiah
 15687 | Lair:1   | Killed Jeremiah
 16503 | Lair:2   | Reached skill level 18 in Fighting
 16752 | Lair:2   | Lost mutation: You are frail. (-10% HP) [potion of
                  | mutation]
 16752 | Lair:2   | Gained mutation: Your body sometimes deteriorates upon
                  | taking damage. [potion of mutation]
 16752 | Lair:2   | Gained mutation: You occasionally lose the ability to read
                  | scrolls when taking damage. [potion of mutation]
 16752 | Lair:2   | Gained mutation: Your spells are a little easier to cast,
                  | but a little less powerful. [potion of mutation]
 16762 | Lair:2   | Found a staircase to the Snake Pit.
 17906 | Lair:3   | Reached ****** piety under Wu Jian
 18030 | Lair:3   | Reached XP level 14. HP: 124/144 MP: 13/13
 18374 | Lair:3   | Reached skill level 15 in Staves
 18833 | Lair:3   | Found a staircase to the Shoals.
 18843 | Shoals:1 | Entered Level 1 of the Shoals
 18857 | Shoals:1 | Reached skill level 19 in Fighting
 19587 | Lair:4   | Found a staircase to the Slime Pits.
 19648 | Lair:4   | Lost mutation: Your body sometimes deteriorates upon taking
                  | damage. [potion of mutation]
 19648 | Lair:4   | Lost mutation: Your spells are a little easier to cast, but
                  | a little less powerful. [potion of mutation]
 19648 | Lair:4   | Lost mutation: You occasionally lose the ability to read
                  | scrolls when taking damage. [potion of mutation]
 19648 | Lair:4   | Gained mutation: You are weak. (Str -2) [potion of
                  | mutation]
 19648 | Lair:4   | Gained mutation: You have a pair of large horns on your
                  | head. [potion of mutation]
 19708 | Slime:1  | Entered Level 1 of the Pits of Slime
 19708 | Slime:1  | Noticed a rockslime
 19928 | Lair:5   | Entered Level 5 of the Lair of Beasts
 20655 | Lair:5   | HP: 5/146 [dire elephant (5)]
 20656 | Lair:5   | Demolished by a dire elephant

Illustrated notes

Levels and vault maps discovered:
D:1:      dpeg_arrival_pits, layout_basic, st_stairs_5, nrook_campfire,
          minmay_misc_feat_secret_circle, chequers_serial_rivers_micro_d,
          kennysheep_crisscross
D:2:      minmay_roachtagon, layout_loops_ring, ebering_ecumenical_altar_webs,
          hangedman_decor_clover_reticule, uniq_robin, uniq_jessica,
          uniq_crazy_yiuf_cottage
D:3:      minmay_spotlight, layout_loops_cross, serial_shops, shop_coins,
          minmay_goblin_kobold_house
D:4:      layout_rooms, mainiacjoe_overflow_alcove_1, enter_ossuary_1
D:5:      layout_basic, nicolae_elyvilon_peaceful_grove, minivault_27,
          uniq_pikel
D:6:      layout_loops_ring, lemuel_doored_altar,
          minmay_temple_entry_statues_pillars, minmay_misc_feat_pillars,
          chequers_serial_rivers_micro_a
D:7:      layout_loops_corners, mainiacjoe_overflow_boulevard, uniq_menkaure
D:8:      layout_loops_ring, general_overflow_altar,
          mainiacjoe_overflow_catwalk, grunt_temple_overflow_diamond,
          minmay_increasing_density
D:9:      minmay_the_grid_3x2 [minmay_the_grid_all_tris, minmay_the_grid_doors,
          minmay_the_grid_armoury, minmay_the_grid_spin_star,
          minmay_the_grid_square_x, minmay_the_grid_prize_trominoes],
          layout_rooms, hellmonk_lair_entry_icy, serial_aquarium,
          aquarium_bridge_square [aquarium_subvault_bridge,
          aquarium_subvault_wall, aquarium_subvault_window,
          aquarium_subvault_balcony], aquarium_bridge_long_joined
          [aquarium_subvault_window, aquarium_subvault_bridge,
          aquarium_subvault_bridge, aquarium_subvault_wall,
          aquarium_subvault_bridge, aquarium_subvault_wall], aquarium_window_1,
          aquarium_window_corridor_2, aquarium_window_1, aquarium_view_2d,
          aquarium_balcony_5b, minivault_11, uniq_gastronok
D:10:     layout_rooms, lemuel_round_altar, nicolae_trove_entry_crystal,
          st_stairs_11, uniq_lodul
D:11:     layout_roguey, hiddenorc2_lemuel, gammafunk_ghost_grave, uniq_harold
D:12:     nzn_winding_woodlands_stair_cross
          [nzn_winding_woodlands_5x15_sidewinder,
          nzn_winding_woodlands_center_diamonds,
          nzn_winding_woodlands_5x15_default,
          nzn_winding_woodlands_5x5_open_star,
          nzn_winding_woodlands_5x5_closed_star,
          nzn_winding_woodlands_5x15_split_checker,
          nzn_winding_woodlands_center_lodge,
          nzn_winding_woodlands_5x15_garden], layout_loops_ring,
          portal_ice_cave_entry_pillars_2, disabler_island
Temple:   nicolae_temple_slightly_damp_pantheon
Lair:1:   layout_regular_city, st_stairs_13, serial_bayou_pond_c,
          grunt_megastairs_4, uniq_jeremiah, uniq_joseph
Lair:2:   layout_hall_layers, guppyfry_snake_entry_garden
Lair:3:   regret_index_harrowing_hell_hive, layout_small_grid,
          elwin_shoals_entry_rocks, nicolae_quartered_pool_impasse,
          grunt_megastairs_1
Lair:4:   layout_cellular_growth, nicolae_slime_entry_slimehenge,
          beast_lair_carwin_11
Lair:5:   due_jungle_book, layout_regular_city, grunt_megastairs_3
Shoals:1: layout_shoals, st_shoals_ruin
Slime:1:  layout_caves, cheibrodos_slime_lost_civilization_4

Skill      XL: |  1  2  3  4  5  6  7  8  9 10 11 12 13 14 |
---------------+-------------------------------------------+-----
Fighting       | 3 4 5 6 7 9 12 14 16 18 19 | 19.4
Staves         | 4 5 6 7 9 10 12 13 14 15 | 15.8
Dodging        | 4 6 8 9 10 11 12 | 12.9
Armour         | 1 2 4 6 8 10 11 13 | 13.0
Throwing       | 4 6 8 10 11 12 | 12.1

Action                     |  1- 3 |  4- 6 |  7- 9 | 10-12 | 13-15 || total
---------------------------+-------+-------+-------+-------+-------++-------
  Melee: Quarterstaff      |    76 |   108 |   241 |   549 |   714 ||  1688
         Headbutt          |     8 |    17 |    54 |   124 |   172 ||   375
  Throw: Boomerang         |       |     4 |    29 |    49 |       ||    82
         Javelin           |       |       |     1 |       |     6 ||     7
         Dart              |       |       |     2 |     9 |     3 ||    14
         Throwing net      |       |       |     1 |     1 |       ||     2
Ability: Lunge             |       |       |    12 |    57 |    36 ||   105
         Whirlwind         |       |       |       |   102 |    98 ||   200
         Wall Jump         |       |       |       |    11 |     9 ||    20
  Evoke: Wand              |       |     2 |    26 |    29 |    22 ||    79
    Use: Potion            |     2 |     3 |     4 |    10 |     5 ||    24
         Scroll            |     1 |     4 |    21 |    14 |     9 ||    49
   Stab: Sleeping          |     1 |     2 |     2 |       |       ||     5
         Paralysed         |       |     1 |       |     2 |       ||     3
         Distracted        |       |       |     1 |     1 |     2 ||     4
         Confused          |       |       |     1 |       |     2 ||     3
         Petrifying        |       |       |       |       |     1 ||     1
         Petrified         |       |       |       |       |     1 ||     1
         Held in net/web   |       |       |       |       |     1 ||     1
 Armour: Leather armour    |    68 |    12 |       |       |       ||    80
         Robe              |       |    45 |    65 |       |       ||   110
         Plate armour      |       |       |    69 |   258 |       ||   327
         Ring mail         |       |       |    46 |       |       ||    46
         Scale mail        |       |       |    26 |       |       ||    26
         Crystal plate arm |       |       |       |   148 |   595 ||   743
  Dodge: Dodged            |    72 |    75 |   152 |   193 |   278 ||   770
